 Dungeon Crawl Stone Soup version 0.29.1-2-gbd0b4ee654 (webtiles) character file.

Game seed: 5070895758414438038

214 croobank the Conjurer (level 5, -1/38 HPs)
             Began as a Demonspawn Conjurer on Nov 20, 2022.
             Slain by a lemure (5 damage)
             ... led by Pikel
             ... on level 4 of the Dungeon.
             The game lasted 00:13:36 (2712 turns).

croobank the Conjurer (Demonspawn Conjurer)         Turns: 2712, Time: 00:13:37

Health: -1/38      AC:  4    Str:  7    XL:     5   Next: 60%
Magic:  1/9        EV: 12    Int: 22    God:
Gold:   101        SH:  4    Dex: 11    Spells: 4/10 levels left

rFire   . . .      SeeInvis .   k - +1 dagger
rCold   . . .      Faith    .   (no shield)
rNeg    . . .      Spirit   .   a - +0 robe
rPois   .          Reflect  .   (no helmet)
rElec   .          Harm     .   d - +0 cloak
rCorr   .          Rampage  .   b - +0 pair of gloves
Will    .....                   (no boots)
Stlth   ++........              e - amulet of regeneration
HPRegen 0.92/turn               (no ring)
MPRegen 0.22/turn               (no ring)

@: flying
A: magic regeneration, condensation shield
a: no special abilities


You were on level 4 of the Dungeon.
You visited 1 branch of the dungeon, and saw 4 of its levels.

You collected 101 gold pieces.

Inventory:

Hand Weapons
 k - a +1 dagger (weapon)
 l - a +0 hand axe
Armour
 a - a +0 robe (worn)
 b - a +0 pair of gloves (worn)
 d - a +0 cloak (worn)
Jewellery
 e - an amulet of regeneration (around neck)
Wands
 m - a wand of paralysis (3)
Potions
 i - a potion of degeneration


   Skills:
 + Level 2.0 Fighting
 + Level 2.8 Dodging
 + Level 3.0 Stealth
 + Level 3.0 Spellcasting
 + Level 4.7 Conjurations


You had 4 spell levels left.
You knew the following spells:

 Your Spells              Type           Power      Damage    Failure   Level
a - Magic Dart            Conj           96%        1d7       1%          1
b - Searing Ray           Conj           48%        2d6       2%          2
c - Dazzling Flash        Conj/Hex       26%        N/A       14%         3

Your spell library contained the following spells:

 Spells                   Type           Power      Damage    Failure   Level
 Fulminant Prism          Conj/Hex       6%         3d7       43%         4
 Iskenderun's Mystic Bla  Conj/Tloc      13%        2d5       43%         4


Dungeon Overview and Level Annotations

Branches:
Dungeon (4/15)
 Temple: D:4-7

Altars:

Annotations:
D:2 Ijyb
D:3 2 transporters, Terence
D:4 Pikel


Innate Abilities, Weirdness & Mutations

You regenerate magic rapidly.
A meltable shield of frost defends you. (SH +4)


Message History

The adder misses you. The lemure completely misses you.
The lemure closely misses you.
The searing ray hits Pikel.
Pikel is lightly wounded.
The searing ray hits the jelly!
The jelly is severely wounded.
The searing ray hits the orc.
The orc is severely wounded.
The adder misses you. The lemure hits you but does no damage.
The lemure hits you. The lemure hits you!
The searing ray hits Pikel!
Pikel is moderately wounded.
The searing ray hits the jelly!
You kill the jelly!
The searing ray hits the endoplasm!
You kill the endoplasm!
The adder bites you. The lemure hits you. The lemure closely misses you.
Your Fighting skill increases to level 2!
Your Stealth skill increases to level 3!
Your Spellcasting skill increases to level 3!
The searing ray hits Pikel.
Pikel is heavily wounded.
You finish channelling your searing ray.
The adder closely misses you. x2; The lemure closely misses you.
The lemure hits you. The lemure closely misses you.
The lemure hits you but does no damage.
The helpless Pikel fails to defend himself.
You hit Pikel.
Pikel is severely wounded.
The adder barely misses you. The lemure barely misses you.
The lemure hits you but does no damage. You block the lemure's attack. x2
The helpless Pikel fails to defend himself.
You hit Pikel.
Pikel is severely wounded.
The adder misses you. The lemure hits you!
* * * LOW HITPOINT WARNING * * *
The lemure hits you!
* * * LOW HITPOINT WARNING * * *
The lemure hits you but does no damage. The lemure hits you.
You die...

....,*,,,*,,,,,*,*
....,*,,,*,,∩,,*,#
....,*,,,#######.*
....##**,.......,*
..#.<##***....###*
#...<.#####.....#
##.#......#!###.####
#,##..........55..#
**,*######....o5@o.####****
*,,,...........5SK......,,*
,,*,######......o.....(.,,**
***,**####......o(.)....,,,*
,,,,,,.......^....>.....,,,*
***,,*######.[..........,,,* ****
****,,,***#.............,,,***,,,
,,,,,,,,,...............,,,,,,,,,
,*****,*###.......§$...,,,,****,*


You could see Pikel (paralysed), 4 lemures, an orc wizard, an adder and 3 orcs.

Vanquished Creatures
  An ogre (D:3)
  A hound (D:2)
  A jelly (D:4)
  2 adders (D:2)
  2 orcs
  5 bats
  2 endoplasms
  3 giant cockroaches
  10 goblins
  4 hobgoblins
  2 jackals (D:3)
  A quokka (D:2)
  5 ball pythons
  4 kobolds
  3 rats
46 creatures vanquished.

Notes
Turn   | Place    | Note
-------+----------+-------------------------------------------
     0 | D:1      | croobank the Demonspawn Conjurer began the quest for the
                  | Orb.
     0 | D:1      | Reached XP level 1. HP: 13/13 MP: 3/3
   427 | D:1      | Gained mutation: A meltable shield of frost defends you.
                  | (SH +4) [demonic ancestry]
   427 | D:1      | Reached XP level 2. HP: 19/19 MP: 1/5
   549 | D:1      | Found a faded altar of an unknown god.
   814 | D:1      | Learned a level 2 spell: Searing Ray
  1261 | D:2      | Reached XP level 3. HP: 25/25 MP: 0/6
  1572 | D:2      | Reached skill level 1 in Fighting
  1919 | D:2      | Noticed Ijyb
  2109 | D:2      | Learned a level 3 spell: Dazzling Flash
  2143 | D:2      | Reached XP level 4. HP: 31/32 MP: 1/7
  2361 | D:3      | Found a transporter.
  2523 | D:3      | Noticed an ogre
  2531 | D:3      | Killed an ogre
  2532 | D:3      | Gained mutation: You regenerate magic rapidly. [demonic
                  | ancestry]
  2532 | D:3      | Reached XP level 5. HP: 38/38 MP: 0/9
  2650 | D:3      | Found a transporter.
  2670 | D:3      | Noticed Terence
  2686 | D:4      | Noticed a lemure
  2686 | D:4      | Noticed a lemure
  2686 | D:4      | Noticed a lemure
  2686 | D:4      | Noticed a lemure
  2687 | D:4      | Noticed Pikel
  2712 | D:4      | Slain by a lemure

Illustrated notes

Levels and vault maps discovered:
D:1:      minmay_arrival_open_corners, layout_basic,
          shapermc_ecumenical_altar_totnotflames
D:2:      kennysheep_the_goblin_king, layout_basic, minmay_tree_intersection
D:3:      gammafunk_steamed_eel, layout_basic, uniq_terence
D:4:      layout_rooms, chequers_temple_overflow_statue_of_worship,
          enter_ossuary_4, uniq_pikel

Skill      XL: |  1  2  3  4  5 |
---------------+----------------+-----
Stealth        | 2 3 |  3.0
Dodging        | 2 |  2.8
Fighting       | 1 2 |  2.0
Spellcasting   | 3 |  3.0
Conjurations   | |  4.7

Action                   |  1- 3 |  4- 6 || total
-------------------------+-------+-------++-------
Melee: Unarmed           |     6 |       ||     6
       Dagger            |    23 |     9 ||    32
 Cast: Magic Dart        |    68 |     6 ||    74
       Searing Ray       |     3 |     6 ||     9
       Dazzling Flash    |     2 |       ||     2
Evoke: Wand              |       |     7 ||     7
  Use: Potion            |     2 |     2 ||     4
       Scroll            |     4 |     2 ||     6
 Stab: Paralysed         |       |     2 ||     2
Armor: Robe              |    10 |     7 ||    17
Dodge: Dodged            |    45 |    24 ||    69
Block: Other             |    11 |     7 ||    18
